 Dungeon Crawl Stone Soup version 0.30-a0-393-g54b8e3be05 (webtiles) character file.

Game seed: 12503016963619685566

598460 Lobster4 the Cryomancer (level 27, -11/155 HPs)
             Began as a Human Ice Elementalist on Dec 5, 2022.
             Was the Champion of Qazlal.
             Mangled by an Orb Guardian (28 damage)
             ... on level 5 of the Realm of Zot on Dec 6, 2022.
             The game lasted 06:09:48 (73314 turns).

Lobster4 the Cryomancer (Human Ice Elementalist)   Turns: 73314, Time: 06:09:49

Health: -11/155    AC: 33    Str: 17 (18) XL:     27
Magic:  17/45      EV: 26    Int: 33      God:    Qazlal [******]
Gold:   6720       SH: 27    Dex: 24      Spells: 12/62 levels left

rFire   + + .      SeeInvis +    a - +2 morningstar of Hejubeul {venom, rPois rN+ Str+2}
rCold   + . .      Faith    .    H - +4 kite shield "Miat" {Will+ Str+2 SInv}
rNeg    + + .      Spirit   .    L - +2 robe of the Game of Kings {rElec rC+ rCorr Int+3}
rPois   +          Reflect  .    (helmet restricted)
rElec   +          Harm     .    K - +2 cloak
rCorr   +          Rampage  .    B - +2 pair of gloves
Will    +++..      Rage     3%   D - +2 pair of boots {Fly}
Stlth   +......... Rnd*Tele +    q - amulet of Vitality {RegenMP++ Regen++}
HPRegen 2.05/turn                Y - ring "Nuliumu" {rF++ rN+ Int+6}
MPRegen 1.09/turn                e - ring "Eheicuko" {EV+4 Str+5 Dex+7 Slay+3}

@: ice-armoured, protected from physical damage, flying, slowed, repel missiles,
unable to drink, very slow
A: horns 1, talons 1, iridescent scales 1, berserk 1, dopey 1, frail 3,
teleportitis 2, inability to drink after injury 1
}: 3/15 runes: decaying, silver, gossamer
a: Renounce Religion, Upheaval, Elemental Force, Disaster Area


You were on level 5 of the Realm of Zot.
You worshipped Qazlal.
Qazlal was exalted by your worship.
You visited 12 branches of the dungeon, and saw 52 of its levels.

You collected 9108 gold pieces.
You spent 2388 gold pieces at shops.

Inventory:

Hand Weapons
 a - the +2 morningstar of Hejubeul (weapon) {venom, rPois rN+ Str+2}
   (You took it off a deep elf zephyrmancer on level 2 of the Elven Halls)

   It poisons the flesh of those it strikes.
   Str:       It affects your strength (+2).
   rPois:     It protects you from poison.
   rN:        It protects you from negative energy.
 b - a +2 sling of electrocution
 V - a +0 hand crossbow of freezing
Armour
 i - a scarf of resistance
 r - a +2 helmet
 B - a +2 pair of gloves (worn)
 D - a +2 pair of boots of flying (worn)
 H - the +4 kite shield "Miat" (worn) {Will+ Str+2 SInv}
   (You found it on level 1 of the Spider Nest)

   Str:       It affects your strength (+2).
   SInv:      It lets you see invisible.
   Will:      It increases your willpower.
 K - a +2 cloak (worn)
 L - the +2 robe of the Game of Kings (worn) {rElec rC+ rCorr Int+3}
   (You bought it in a shop on level 1 of the Orcish Mines)

   Int:       It affects your intelligence (+3).
   rC:        It protects you from cold.
   rElec:     It insulates you from electricity.
   rCorr:     It protects you from acid and corrosion.
Jewellery
 e - the ring "Eheicuko" (right hand) {EV+4 Str+5 Dex+7 Slay+3}
   (You took it off a deep elf death mage on level 3 of the Elven Halls)

   [ring of evasion]

   EV:        It affects your evasion (+4).
   Str:       It affects your strength (+5).
   Dex:       It affects your dexterity (+7).
   Slay:      It affects your accuracy & damage with ranged weapons and melee
   (+3).
 l - a ring of see invisible
 q - the amulet of Vitality (around neck) {RegenMP++ Regen++}
   (You took it off a yaktaur on level 11 of the Dungeon)

   [amulet of magic regeneration]

   It increases your rate of magic regeneration.
   Regen:     It increases your rate of health regeneration.
 y - a ring of poison resistance
 N - the ring "Cocoplia" {rElec Str+6 Slay+2 Stlth+}
   (You took it off a deep elf demonologist on level 3 of the Elven Halls)

   [ring of strength]

   Str:       It affects your strength (+6).
   Slay:      It affects your accuracy & damage with ranged weapons and melee
   (+2).
   rElec:     It insulates you from electricity.
   Stlth:     It makes you more stealthy.
 T - the ring "Omosiod" {rC+ Slay+3}
   (You found it on level 2 of the Depths)

   [ring of protection from cold]

   Slay:      It affects your accuracy & damage with ranged weapons and melee
   (+3).
   rC:        It protects you from cold.
 Y - the ring "Nuliumu" (left hand) {rF++ rN+ Int+6}
   (You found it on level 3 of the Crypt)

   [ring of positive energy]

   Int:       It affects your intelligence (+6).
   rF:        It greatly protects you from fire.
   rN:        It protects you from negative energy.
 Z - the ring "Leetoscho" {Fly MP+9 Str+2 Int+6 Dex+5}
   (You found it on level 5 of the Vaults)

   [ring of intelligence]

   Str:       It affects your strength (+2).
   Int:       It affects your intelligence (+6).
   Dex:       It affects your dexterity (+5).
   MP:        It affects your magic capacity (+9).
   Fly:       It grants you flight.
Wands
 d - a wand of roots (32)
 n - a wand of acid (11)
 t - a wand of paralysis (19)
 F - a wand of mindburst (29)
 Q - a wand of digging (10)
Scrolls
 c - 8 scrolls of fog
 j - 4 scrolls of fear
 k - a scroll of brand weapon
 o - a scroll of immolation
 p - 3 scrolls of enchant armour
 u - 9 scrolls of enchant weapon
 J - 11 scrolls of teleportation
 R - a scroll of blinking
 U - 4 scrolls of poison
 X - 2 scrolls of silence
Potions
 f - 4 potions of haste
 h - 6 potions of heal wounds
 m - 15 potions of curing
 s - 4 potions of resistance
 v - 2 potions of berserk rage
 x - 7 potions of lignification
 A - a potion of magic
 C - 9 potions of invisibility
 E - 8 potions of ambrosia
 G - 7 potions of cancellation
 M - 7 potions of might
 W - 2 potions of brilliance
Miscellaneous
 g - a condenser vane
 z - a lightning rod (4/4)
 O - a tin of tremorstones (2/2)
 P - a phantom mirror (inert)


   Skills:
 + Level 19.5 Fighting
 - Level 2.0 Short Blades
 - Level 12.0 Maces & Flails
 + Level 17.7 Ranged Weapons
 - Level 1.0 Throwing
 - Level 10.0 Armour
 + Level 12.4 Dodging
 - Level 2.0 Stealth
 - Level 15.0 Shields
 + Level 18.2 Spellcasting
 - Level 3.0 Conjurations
 - Level 5.0 Hexes
 - Level 8.0 Summonings
 - Level 10.0 Necromancy
 + Level 24.2 Ice Magic
 - Level 10.0 Air Magic
 - Level 3.0 Earth Magic
 - Level 10.0 Invocations
 - Level 3.0 Evocations


You had 12 spell levels left.
You knew the following spells:

 Your Spells              Type           Power      Damage    Failure   Level
a - Freeze                Ice            100%       1d10      0%          1
b - Frozen Ramparts       Ice            100%       1d16      0%          3
c - Ozocubu's Armour      Ice            100%       N/A       0%          3
d - Summon Ice Beast      Ice/Summ       94%        N/A       1%          4
e - Stone Arrow           Conj/Erth      98%        3d13      1%          3
f - Dispel Undead         Necr           77%        3d25      1%          4
g - Ozocubu's Refrigerat  Ice            56%        4d20      1%          7
h - Airstrike             Air            38%        2d(6-22)  1%          4
i - Hailstorm             Conj/Ice       88%        3d18      1%          3
j - Swiftness             Air            77%        N/A       1%          3
k - Simulacrum            Ice/Necr       48%        N/A       1%          6
l - Summon Lightning Spi  Summ/Air       73%        N/A       1%          4
x - Metabolic Englaciati  Hex/Ice        45%        N/A       1%          5

Your spell library contained the following spells:

 Spells                   Type           Power      Damage    Failure   Level
 Necrotise                Necr           100%       1d9       1%          1
 Sandblast                Erth           98%        2d20      1%          1
 Shock                    Conj/Air       100%       1d9       1%          1
 Slow                     Hex            100%       N/A       1%          1
 Summon Small Mammal      Summ           100%       N/A       1%          1
 Cigotuvi's Dreadful Rot  Necr/Pois/Air  100%       N/A       1%          2
 Passwall                 Tmut/Erth      32%        N/A       1%          2
 Poisonous Vapours        Pois/Air       100%       N/A       1%          2
 Confusing Touch          Hex            58%        N/A       1%          3
 Dazzling Flash           Conj/Hex       100%       N/A       1%          3
 Kindle Blastsparks       Fire/Tloc/Air  100%       2d18      1%          3
 Mephitic Cloud           Conj/Pois/Air  55%        N/A       1%          3
 Tukima's Dance           Hex            58%        N/A       1%          3
 Vampiric Draining        Necr           77%        2d11      1%          3
 Anguish                  Hex/Necr       34%        N/A       1%          4
 Ice Form                 Ice/Tmut       83%        N/A       1%          4
 Apportation              Tloc           60%        N/A       2%          1
 Beastly Appendage        Tmut           60%        N/A       2%          1
 Sting                    Tmut/Pois      100%       1d8       2%          1
 Inner Flame              Hex/Fire       46%        N/A       2%          3
 Portal Projectile        Hex/Tloc       92%        N/A       2%          3
 Animate Armour           Summ/Erth      100%       N/A       2%          4
 Cause Fear               Hex            29%        N/A       2%          4
 Silence                  Hex/Air        34%        N/A       2%          5
 Wereblood                Tmut           30%        N/A       3%          2
 Fulminant Prism          Conj/Hex       27%        3d14      4%          4
 Leda's Liquefaction      Hex/Erth       27%        N/A       4%          4
 Lightning Bolt           Conj/Air       32%        1d49      4%          5
 Summon Mana Viper        Hex/Summ       64%        N/A       4%          5
 Death Channel            Necr           38%        N/A       5%          6
 Ignite Poison            Fire/Tmut/Pois 30%        N/A       6%          3
 Spider Form              Tmut/Pois      30%        N/A       6%          3
 Flame Wave               Conj/Fire      39%        2d11      12%         4
 Iskenderun's Mystic Bla  Conj/Tloc      39%        2d9       12%         4
 Petrify                  Tmut/Erth      39%        N/A       12%         4
 Sticky Flame             Conj/Fire      39%        2d6       12%         4
 Summon Forest            Summ/Tloc      27%        N/A       12%         5
 Summon Cactus Giant      Summ           35%        N/A       12%         6
 Lee's Rapid Deconstruct  Erth           24%        3d13*     17%         5
 Manifold Assault         Tloc           30%        N/A       22%         4
 Olgreb's Toxic Radiance  Pois           30%        N/A       22%         4
 Passage of Golubria      Tloc           30%        N/A       22%         4
 Monstrous Menagerie      Summ           35%        N/A       56%         7
 Starburst                Conj/Fire      19%        6d7       87%         6
 Statue Form              Tmut/Erth      26%        N/A       87%         6
 Enfeeble                 Hex            29%        N/A       93%         7
 Storm Form               Tmut/Air       29%        N/A       93%         7
 Maxwell's Capacitive Co  Air            38%        ∞         93%         8
 Discord                  Hex            29%        N/A       100%        8
 Ignition                 Fire           15%        3d6       100%        8
 Lehudib's Crystal Spear  Conj/Erth      24%        10d7      100%        8
 Chain Lightning          Conj/Air       32%        3d42      100%        9
 Dragon's Call            Summ           35%        N/A       100%        9
 Fire Storm               Conj/Fire      19%        8d5       100%        9
 Shatter                  Erth           24%        3d21*     100%        9


Dungeon Overview and Level Annotations

Branches:
Dungeon (15/15)            Temple (1/1) D:6            Lair (5/5) D:10
  Swamp (4/4) Lair:2       Spider (4/4) Lair:3        Slime (1/5) Lair:4
    Orc (2/2) D:10            Elf (3/3) Orc:2        Vaults (5/5) D:13
  Crypt (3/3) Vaults:3       Tomb (0/3) Crypt:3      Depths (4/4) D:15
    Zot (5/5) Depths:4

Altars:
Ashenzari
Cheibriados
Dithmenos
Elyvilon
Fedhas
Gozag
Hepliaklqana
Kikubaaqudgha
Makhleb
Nemelex Xobeh
Okawaru
Qazlal
Ru
Sif Muna
Trog
Uskayaw
Vehumet
Wu Jian
Xom
Yredelemnul
Zin
The Shining One
Jiyva

Shops:
D:2 ?   D:5 :   D:6 [   Orc:1 [   Orc:2 !:(?   Elf:3 (   Vaults:5 ?
Depths:3 (

Portals:
Hell: Depths:1 Depths:2 Depths:3 Depths:4
Abyss: Depths:3
Pandemonium: Depths:1 Depths:2 Depths:4
Ziggurat: Depths:1

Annotations:
D:11 2 runed translucent doors, Darkkill's ghost, journeyman MiHu
Lair:4 1 runed translucent door, themarg's ghost, journeyman DrCj
Swamp:2 3 runed translucent doors, DrKenneth's ghost, journeyman MiFi
Spider:2 3 runed translucent doors, Jegretast's ghost, adept HOFi; Nagef's ghost, journeyman TrBe
Orc:2 3 runed translucent doors, NinjaNoafa's ghost, journeyman MiFi
Vaults:1 36 runed doors
Vaults:3 1 runed translucent door, Getoffmy's ghost, veteran GrFi
Vaults:4 1 runed translucent door, Vairuzis's ghost, adept AtWr
Depths:4 exclusion: obsidian statue
Zot:1 2 transporters


Innate Abilities, Weirdness & Mutations

You have a pair of small horns on your head.
You have sharp toenails.
You are partially covered in iridescent scales. (AC +2)
You sometimes lose your temper in combat.
You are dopey. (Int -2)
You are extremely frail. (-30% HP)
You are often teleported next to monsters.
You occasionally lose the ability to drink potions when taking damage.


Message History

* * * LOW HITPOINT WARNING * * *
The Orb Guardian is engulfed in blazing flames.
The Orb Guardian closely misses you.
You hear a roar!
Blink to where?
Press: ? - help, Dir - move target An Orb Guardian comes into view.
Found 23 gold pieces.
As you read the scroll of blinking, it crumbles to dust.
You hear a roar!
An electric golem comes into view.
The electric golem hurls lightning at you.
The bolt of lightning misses you.
You hear a roar!
You cannot drink potions in your current state!
Okay, then.
Activating: Disaster Area (5% risk of failure)
Press: ? - help, Dir - look around, f - activate Nature churns violently around you!
The blast of rubble hits the Orb Guardian.
The Orb Guardian is lightly wounded.
The blast of rubble hits the Orb Guardian!
The Orb Guardian is heavily wounded.
The blast of rubble hits the Orb Guardian!!
The Orb Guardian is moderately wounded.
The blast of ice hits the electric golem!
The electric golem partially resists.
The electric golem is lightly damaged.
The electric golem is flash-frozen.
The blast of rubble hits the Orb Guardian!
The Orb Guardian is severely wounded.
The blast of rubble hits the Orb Guardian.
The Orb Guardian is lightly wounded.
You block the Orb Guardian's attack.
Casting: Ozocubu's Refrigeration (mildly dangerous; 1% risk of failure)
Confirm with . or Enter, or press ? or * to list all spells.
A film of ice covers your body!
An electric golem comes into view.
You block the Orb Guardian's attack. The Orb Guardian hits you!!
You die...

*********** ,,,,,,,,,.▓▓▓* **
,^,,,^,,,....▓▓* ***,
,,,,,,,,,......▓* **,,,
,,,,,,,,,..$....* ▓▓▓▓▓▓▓▓▓ *,,,^
,,,,,,,,,.9.....*▓▓.....^.▓▓*,,,,
,^,,,,,,,.....§○▓▓........X▓▓,,,,
,,,,,,,,,.....○○▓.☼...X.....▓..,,
,,,,,,,,,...9..X@X§XXX0........,,
,,,,,,,,,.......▓XX!......X.▓,,,,
,,,,,,,,,.^...§§▓▓°........▓▓,,,,
^,,,,,,,,.......*▓▓^......▓▓*,,,,
,,,,,,,,,^......* ▓▓▓▓▓▓▓▓▓ *,,,,
....,,,,,......#* **,,,
...,,,,,,....▓#* ***,
..,,,,,,,.▓▓▓* ** .##▓▓**********
#▓▓


You could see 2 electric golems and 8 Orb Guardians.

Vanquished Creatures
  3 orbs of fire
  Khufu (Crypt:2)
  2 ancient liches
  Mara (Depths:1)
  2 juggernauts
  Sojobo (Depths:3)
  2 Killer Klowns (Zot:5)
  Margery (Crypt:1)
  3 caustic shrikes
  Frederick (Vaults:4)
  Boris (Depths:4)
  9 golden dragons
  Nikola (Swamp:3)
  2 profane servitors (Crypt:3)
  A bone dragon (Crypt:3)
  An electric golem (Zot:2)
  18 tentacled monstrosities
  5 liches
  Jorgrun (Swamp:3)
  Asterion (Depths:1)
  A walking earthen tome (Depths:2)
  2 titans
  A deep elf blademaster (Elf:3)
  2 Orb Guardians (Zot:5)
  10 quicksilver dragons
  2 walking frostbound tomes
  4 sphinxes
  An ancient champion (Crypt:1)
  Gastronok (Lair:3)
  Kirke (D:15)
  4 death cobs
  3 thorn hunters
  4 tengu reavers
  11 storm dragons
  A revenant (Crypt:1)
  4 shadow dragons
  An azure jelly (shapeshifter) (Vaults:4)
  A fenstrider witch (Swamp:4)
  16 fire giants
  3 draconian monks
  3 draconian knights (Zot:1)
  Aizul (Elf:1)
  2 iron dragons
  13 frost giants
  10 deep elf sorcerers
  4 emperor scorpions
  A juggernaut zombie (Crypt:3)
  21 vault wardens
  7 deep elf elementalists
  2 cacodemons (Depths:4)
  4 draconian shifters
  7 ghost moths
  7 draconian scorchers
  Louise (Spider:4)
  17 ironbound preservers
  3 orc warlords
  12 ghouls
  2 curse skulls (Crypt:3)
  19 stone giants
  A war gargoyle (Vaults:1)
  4 draconian stormcallers
  10 draconian annihilators
  57 very ugly things
  2 spriggan defenders (Depths:2)
  A broodmother (Spider:2)
  8 ironbound thunderhulks
  9 green draconians
  6 vampire knights
  4 bunyips
  An eleionoma (shapeshifter) (Depths:3)
  9 black draconians
  10 deep elf demonologists
  6 purple draconians
  11 red draconians
  8 deep elf annihilators
  10 white draconians
  12 yellow draconians
  9 dire elephants
  Azrael (D:13)
  A spark wasp (shapeshifter) (Depths:3)
  14 ettins
  6 eidola (Crypt:3)
  7 spark wasps
  2 jiangshi (Crypt:1)
  Josephine (D:12)
  A green death (Depths:4)
  5 fire dragons
  A merfolk impaler (Depths:1)
  13 deep elf death magi
  2 quicksilver dragon zombies (Crypt:3)
  5 deep elf high priests
  A mummy priest (Crypt:3)
  A merfolk javelineer (Depths:1)
  36 vault guards
  7 great orbs of eyes
  2 entropy weavers
  2 spriggan zombies (Crypt:3)
  Erolcha (Orc:2)
  2 shambling mangroves
  12 yaktaur captains
  21 hydras
  10 ice dragons
  3 catoblepae (Lair:5)
  4 radroaches
  8 spriggan air magi
  7 centaur warriors
  3 rakshasas
  4 ironbound frosthearts
  A catoblepas (shapeshifter) (Elf:1)
  2 peacekeepers (Vaults:3)
  2 hydras (shapeshifter) (Depths:4)
  A hell beast (Depths:4)
  A jorogumo (Spider:2)
  5 ogre magi
  5 boulder beetles
  4 death knights
  16 two-headed ogres
  A death scarab (Spider:3)
  29 dancing weapons
  2 tengu warriors
  17 alligators
  2 orc high priests
  11 deep troll shamans
  11 spriggan berserkers
  5 vampire magi
  6 death yaks (Lair:5)
  7 deep troll earth magi
  Nergalle (Orc:2)
  A titan zombie (Crypt:3)
  12 deep elf knights
  7 hell knights
  A soul eater (Depths:4)
  Sonja (Lair:1)
  3 sun demons (Depths:4)
  A sixfirhy (Depths:4)
  3 sun moths
  A shadow wraith (Crypt:2)
  6 iron trolls
  4 pharaoh ants
  3 spriggan druids
  24 skeletal warriors
  A bunyip zombie (Crypt:3)
  68 deep trolls
  An orb spider (shapeshifter) (Vaults:4)
  6 flayed ghosts
  4 glowing orange brains
  3 goliath frogs
  An anaconda zombie (Crypt:3)
  3 bog bodies
  A golden dragon zombie (Crypt:2)
  14 steelbarb worms
  12 orb spiders
  26 phantasmal warriors
  5 lindwurms
  9 wizards
  8 necromancers
  Pikel (D:7)
  14 deep elf archers
  An iron giant skeleton (Crypt:2)
  39 deep elf pyromancers
  13 swamp dragons
  15 ironbound convokers
  An anaconda skeleton (Crypt:1)
  7 orc knights (Vaults:3)
  20 wolf spiders
  23 deep elf zephyrmancers
  8 manticores
  A salamander (D:15)
  A shining eye (Depths:1)
  33 ugly things
  7 wolf spider zombies (Spider:1)
  4 will-o-the-wisps
  25 moths of wrath
  7 cyclopes
  14 orc sorcerers
  A water nymph (shapeshifter) (Vaults:5)
  A stone giant skeleton (Crypt:2)
  3 elephants (Lair:3)
  2 centaur zombies (Crypt:3)
  2 black mambas
  A smoke demon (Depths:4)
  2 rust devils (Depths:4)
  4 torpor snails
  A dire elephant zombie (Crypt:3)
  2 orange demons (Depths:4)
  An eye of devastation (Depths:1)
  21 vault sentinels
  15 demonic crawlers
  2 gargoyles (D:11)
  6 freezing wraiths
  An unseen horror (D:11)
  5 kobold demonologists
  11 cane toads
  11 komodo dragons
  2 yellow draconian zombies
  An alligator snapping turtle skeleton (Crypt:2)
  2 rime drakes
  25 yaktaurs
  3 tengu conjurers
  5 redback zombies (Spider:1)
  2 hellwings (Depths:4)
  5 trolls
  A guardian mummy (Crypt:3)
  A harpy zombie (Crypt:3)
  A troll (shapeshifter) (D:11)
  3 polar bears
  6 tyrant leeches
  A red devil (Depths:4)
  A nameless horror (Spider:1)
  16 hornets
  A raiju (shapeshifter) (Depths:2)
  22 slime creatures
  4 blink frogs (Lair:3)
  13 tarantella zombies (Spider:1)
  5 dream sheep (Lair:5)
  7 culicivora zombies (Spider:1)
  26 tarantellas
  Sigmund (D:2)
  A dream sheep (shapeshifter) (Vaults:5)
  An air elemental (Elf:3)
  8 spriggans
  7 flying skulls (Crypt:1)
  5 shadows
  26 jumping spiders
  12 wraiths
  20 culicivoras
  52 yaks
  19 humans (D:13)
  4 water elementals
  5 fire elementals
  A neqoxec (Depths:4)
  3 hogs (D:15)
  2 basilisks
  A fire bat (shapeshifter) (D:13)
  7 vampire mosquitoes
  5 steam dragons
  A chaos spawn (Depths:4)
  31 redbacks
  19 swamp worms
  3 naga zombies (Crypt:3)
  2 wargs
  Menkaure (D:4)
  2 acid dragons
  11 water moccasins
  Duvessa (D:5)
  A demonspawn skeleton (Crypt:1)
  5 hell hounds (D:13)
  12 swamp drakes
  2 floating eyes
  A cane toad skeleton (Crypt:2)
  22 orc warriors
  A blink frog zombie (Crypt:1)
  A black bear (D:6)
  A merfolk simulacrum (Crypt:1)
  2 sky beasts
  12 ogres
  A wolf (Vaults:4)
  14 centaurs
  A lemure (D:7)
  A blink frog skeleton (Crypt:2)
  5 kobold brigands
  A phantom (Crypt:3)
  3 gnoll sergeants
  8 bullfrogs
  A scorpion (D:5)
  2 earth elementals
  14 necrophages
  5 wights (D:10)
  6 wyvern skeletons (Crypt:3)
  A cyclops skeleton (Crypt:2)
  Dowan (D:5)
  4 killer bees
  4 howler monkeys
  A jelly (D:6)
  15 orc priests
  A gnoll bouda (D:7)
  40 orc wizards
  2 iguanas
  Natasha (thrice) (D:2)
  4 hell rats (Lair:3)
  2 mummies (Crypt:3)
  13 gnolls
  9 adders
  2 shadow imps
  A swamp drake skeleton (Crypt:1)
  3 ufetubi
  3 worms
  2 dart slugs (D:1)
  77 orcs
  8 bats
  6 endoplasms
  2 giant cockroaches
  4 goblins
  8 hobgoblins
  3 jackals (D:1)
  15 kobolds
  5 quokkas
  4 ball pythons
  3 frilled lizards
  A gnoll skeleton (Crypt:1)
  3 rats
  6 briar patches
  A toadstool (Swamp:2)
2094 creatures vanquished.

Vanquished Creatures (collateral kills)
  2 orbs of fire
  A golden dragon (Zot:5)
  5 Orb Guardians (Zot:5)
  A walking earthen tome (Depths:3)
  A tengu reaver (Depths:3)
  2 draconian monks
  2 frost giants
  A vault warden (Vaults:3)
  An iron dragon (Depths:2)
  A draconian scorcher (Zot:5)
  A ghoul (Crypt:3)
  A spriggan defender (Depths:2)
  An ironbound thunderhulk (Vaults:5)
  A very ugly thing (Vaults:1)
  2 green draconians
  A stone giant (Depths:2)
  2 red draconians (Zot:5)
  4 eidola
  A jiangshi (Crypt:1)
  An entropy weaver (Spider:3)
  2 ice dragons
  A death knight (Crypt:3)
  A tengu warrior (Depths:3)
  2 deep troll shamans (Depths:2)
  An alligator (Swamp:1)
  A deep troll earth mage (Depths:3)
  A hell knight (Crypt:1)
  A pharaoh ant (Spider:4)
  3 iron trolls
  3 skeletal warriors
  A deep troll (Depths:2)
  An orb spider (Spider:1)
  A bog body (Swamp:1)
  2 phantasmal warriors
  An ironbound convoker (Vaults:4)
  2 deep elf pyromancers
  A deep elf zephyrmancer (Elf:1)
  2 ugly things
  A moth of wrath (Zot:1)
  A freezing wraith (Crypt:1)
  A harpy zombie (Crypt:3)
  4 hornets
  A slime creature (Vaults:1)
  4 tarantellas
  A culicivora (Spider:4)
  2 basilisks
  A redback (Spider:1)
  A floating eye (shapeshifter) (Depths:3)
  A naga skeleton (Crypt:1)
  An ice dragon simulacrum (Crypt:1)
  A swamp dragon skeleton (Crypt:1)
  A necrophage (Crypt:3)
  A wyvern zombie (Crypt:2)
  The ghost of FakeRyeBread the Chopper, a weakling HOGl (D:4)
  A yak skeleton (Crypt:1)
  3 mummies (Crypt:2)
  A steam dragon zombie (Crypt:1)
  A hobgoblin (D:4)
  A kobold (D:4)
89 creatures vanquished.

Vanquished Creatures (others)
  A storm dragon (Zot:5)
  A fire giant (Depths:2)
  A very ugly thing (Vaults:5)
  A yellow draconian (Depths:4)
  A deep troll earth mage (Depths:1)
  An ironbound convoker (Vaults:5)
  A deep elf zephyrmancer (Elf:1)
  A wizard (D:13)
  2 humans (D:15)
  A swamp worm (Lair:4)
  An orc warrior (Orc:2)
  A necrophage (D:6)
  An orc priest (Orc:1)
  An orc wizard (Orc:2)
  An orc (D:9)
  2 demonic plants (D:6)
  23 foxfires
  15 fungi
  50 plants
  2 toadstools (Swamp:2)
  16 withered plants
124 creatures vanquished.

Grand Total: 2307 creatures vanquished

Notes
Turn   | Place    | Note
-------+----------+-------------------------------------------
     0 | D:1      | Lobster4 the Human Ice Elementalist began the quest for the
                  | Orb.
     0 | D:1      | Reached XP level 1. HP: 13/13 MP: 3/3
   218 | D:1      | Reached XP level 2. HP: 19/19 MP: 3/5
   546 | D:1      | Reached XP level 3. HP: 10/25 MP: 0/6
   687 | D:1      | Learned a level 3 spell: Frozen Ramparts
   948 | D:1      | Found a faded altar of an unknown god.
  1112 | D:2      | Found Muecath's Magic Scroll Shop.
  1161 | D:2      | Reached skill level 1 in Armour
  1202 | D:2      | Reached skill level 1 in Fighting
  1202 | D:2      | Reached XP level 4. HP: 32/32 MP: 2/7
  1396 | D:2      | Noticed Sigmund
  1746 | D:2      | Noticed Natasha
  1757 | D:2      | Killed Natasha
  1758 | D:2      | Reached skill level 1 in Throwing
  1844 | D:2      | Noticed Natasha
  1848 | D:2      | Killed Natasha
  1849 | D:2      | Reached skill level 1 in Short Blades
  1849 | D:2      | Reached XP level 5. HP: 33/37 MP: 8/8
  2257 | D:2      | Noticed Natasha
  2395 | D:2      | Killed Natasha
  2708 | D:3      | Reached XP level 6. HP: 35/44 MP: 5/9
  2746 | D:3      | Reached skill level 5 in Ice Magic
  3372 | D:4      | Noticed Menkaure
  3397 | D:4      | Killed Menkaure
  3514 | D:4      | Found a runed translucent gate.
  3516 | D:4      | Found a runed translucent gate.
  3516 | D:4      | Found a runed translucent gate.
  3517 | D:4      | Noticed FakeRyeBread's ghost (weakling HOGl)
  4905 | D:5      | Entered Level 5 of the Dungeon
  4983 | D:5      | Noticed Duvessa
  5033 | D:5      | Found Ytacyz's Book Shop.
  5059 | D:5      | Reached XP level 7. HP: 50/50 MP: 5/11
  5063 | D:5      | Learned a level 3 spell: Ozocubu's Armour
  5207 | D:2      | Killed Sigmund
  5545 | D:5      | Found a hazy altar of Hepliaklqana.
  5558 | D:5      | Reached skill level 6 in Ice Magic
  6042 | D:5      | Noticed Dowan
  6080 | D:5      | Killed Dowan
  6081 | D:5      | Reached XP level 8. HP: 56/58 MP: 8/13
  6134 | D:5      | Killed Duvessa
  6788 | D:6      | Found a staircase to the Ecumenical Temple.
  6816 | Temple   | Entered the Ecumenical Temple
  6953 | Temple   | Became a worshipper of Qazlal Stormbringer
  7236 | D:6      | Reached skill level 1 in Ranged Weapons
  7242 | D:6      | Reached skill level 7 in Ice Magic
  7479 | D:6      | Found Kuzeuqih's Antique Armour Emporium.
  7484 | D:6      | Bought a pair of embroidered boots for 210 gold pieces
  7683 | D:6      | Reached XP level 9. HP: 65/65 MP: 5/15
  8014 | D:7      | Reached skill level 1 in Invocations
  8014 | D:7      | Reached skill level 1 in Evocations
  8420 | D:7      | Identified the +0 robe of the Aged Invaders {Str+5 Stlth+}
  8586 | D:7      | Noticed Pikel
  8601 | D:7      | Killed Pikel
  8780 | D:7      | Reached * piety under Qazlal
  8781 | D:7      | Reached skill level 8 in Ice Magic
  9559 | D:8      | Noticed a hornet
  9607 | D:8      | Killed a hornet
  9608 | D:8      | Reached skill level 1 in Shields
  9608 | D:8      | Reached XP level 10. HP: 73/73 MP: 8/17
  9927 | D:8      | Reached skill level 5 in Spellcasting
 10177 | D:9      | Reached skill level 5 in Fighting
 10204 | D:9      | Reached skill level 5 in Armour
 10526 | D:9      | Reached ** piety under Qazlal
 10943 | D:9      | Reached skill level 9 in Ice Magic
 11452 | D:9      | Found a shimmering altar of Xom.
 11518 | D:10     | Entered Level 10 of the Dungeon
 11801 | D:10     | Reached XP level 11. HP: 81/81 MP: 11/19
 11865 | D:10     | Found a staircase to the Orcish Mines.
 11900 | D:10     | Identified the +7 plate armour "Kubb" {Harm rC+}
 12510 | D:10     | Reached skill level 10 in Ice Magic
 12786 | D:10     | Found a staircase to the Lair.
 13225 | D:11     | Noticed a manticore
 13232 | D:11     | Killed a manticore
 13268 | D:11     | Noticed a two-headed ogre
 13276 | D:11     | Killed a two-headed ogre
 13277 | D:11     | Reached skill level 1 in Hexes
 13356 | D:11     | Found a runed translucent door.
 13360 | D:11     | Found a runed translucent door.
 13363 | D:11     | Noticed a frost giant
 13364 | D:11     | Noticed a brown ugly thing
 13364 | D:11     | Noticed a skeletal warrior
 13364 | D:11     | Noticed a lich
 13365 | D:11     | Noticed a fire giant
 13366 | D:11     | Noticed a necromancer
 13366 | D:11     | Noticed Darkkill's ghost (journeyman MiHu)
 13432 | D:11     | Noticed a two-headed ogre
 13435 | D:11     | Noticed a cyclops
 13436 | D:11     | Reached *** piety under Qazlal
 13437 | D:11     | Noticed a purple ugly thing
 13441 | D:11     | Killed a two-headed ogre
 13447 | D:11     | Killed a cyclops
 13449 | D:11     | Killed a purple ugly thing
 13796 | D:11     | Reached skill level 5 in Shields
 13853 | D:11     | Noticed a two-headed ogre
 13867 | D:11     | Killed a two-headed ogre
 13868 | D:11     | Reached XP level 12. HP: 41/89 MP: 12/22
 14022 | Lair:1   | Entered Level 1 of the Lair of Beasts
 14030 | Lair:1   | Reached skill level 11 in Ice Magic
 14134 | Lair:1   | Learned a level 4 spell: Summon Ice Beast
 14335 | Lair:1   | Reached skill level 5 in Dodging
 14335 | Lair:1   | Reached skill level 1 in Summonings
 15157 | Lair:2   | Noticed Sonja
 15355 | Lair:1   | Killed Sonja
 15746 | Lair:2   | Identified the +1 leather armour of Resourcefulness {rC++
                  | MP-9}
 15763 | Lair:2   | Found a staircase to the Swamp.
 17059 | Lair:3   | Reached skill level 12 in Ice Magic
 17065 | Lair:3   | Noticed Gastronok
 17077 | Lair:3   | Killed Gastronok
 17224 | Lair:3   | Found a hole to the Spider Nest.
 17266 | Lair:3   | Reached XP level 13. HP: 95/98 MP: 13/24
 18053 | Lair:4   | Found a runed translucent door.
 18055 | Lair:4   | Noticed themarg's ghost (journeyman DrCj)
 18069 | Lair:4   | Reached **** piety under Qazlal
 18073 | Lair:4   | Noticed a six-headed hydra
 18079 | Lair:4   | Killed a six-headed hydra
 18083 | Lair:4   | Noticed an eight-headed hydra
 18210 | Lair:4   | Killed an eight-headed hydra
 18995 | Lair:4   | Found a viscous altar of Jiyva.
 18995 | Lair:4   | Found a staircase to the Slime Pits.
 19099 | Lair:5   | Entered Level 5 of the Lair of Beasts
 19106 | Lair:5   | Reached skill level 13 in Ice Magic
 19108 | Lair:5   | Reached skill level 5 in Hexes
 19116 | Lair:5   | Noticed a seven-headed hydra
 19124 | Lair:5   | Killed a seven-headed hydra
 19815 | Lair:5   | Reached XP level 14. HP: 107/108 MP: 21/26
 20328 | Lair:5   | Reached ***** piety under Qazlal
 20634 | Lair:5   | Reached skill level 14 in Ice Magic
 20690 | Lair:5   | Reached skill level 5 in Ranged Weapons
 21266 | Orc:1    | Entered Level 1 of the Orcish Mines
 21667 | Orc:1    | Found Duduqeoske's Antique Armour Emporium.
 21675 | Orc:1    | Bought a wizard robe for 125 gold pieces
 21675 | Orc:1    | Identified the +2 robe of the Game of Kings {rElec rC+
                  | rCorr Int+3} (You bought it in a shop on level 1 of the
                  | Orcish Mines)
 21785 | Orc:2    | Entered Level 2 of the Orcish Mines
 21793 | Orc:2    | Noticed an orc warlord
 21842 | Orc:2    | Identified the +6 chain mail of Serendipity {Harm rElec rC+
                  | Str+4}
 21842 | Orc:2    | Noticed an orc warlord
 21842 | Orc:2    | Identified the +2 acid dragon scales of the Devil's
                  | Advocate {rCorr Dex+3}
 21842 | Orc:2    | Noticed NinjaNoafa's ghost (journeyman MiFi)
 22100 | D:5      | Bought a book of Winter for 442 gold pieces
 22100 | D:5      | Bought a book of Frost for 260 gold pieces
 22104 | D:5      | Learned a level 3 spell: Hailstorm
 22110 | D:5      | Learned a level 5 spell: Metabolic Englaciation
 22624 | Orc:1    | Paralysed by an orc sorcerer for 2 turns
 22714 | Orc:2    | Found a runed translucent gate.
 22714 | Orc:2    | Found a runed translucent gate.
 22725 | Orc:2    | Killed an orc warlord
 22726 | Orc:2    | Reached skill level 1 in Necromancy
 22726 | Orc:2    | Found a runed translucent gate.
 22872 | Orc:2    | Found a bloodstained altar of Trog.
 22936 | Orc:2    | Found a staircase to the Elven Halls.
 23064 | Orc:2    | Reached skill level 10 in Fighting
 23119 | Orc:2    | Gained mutation: Your body sometimes deteriorates upon
                  | taking damage. [a neqoxec]
 23342 | Orc:2    | Found Oroop's Magic Scroll Emporium.
 23358 | Orc:2    | Found a radiant altar of Vehumet.
 23358 | Orc:2    | Noticed Erolcha
 23369 | Orc:2    | Killed Erolcha
 23562 | Orc:2    | Found Teid's Distillery.
 23584 | Orc:2    | Found an ancient bone altar of Kikubaaqudgha.
 23585 | Orc:2    | Noticed Nergalle
 23604 | Orc:2    | Killed Nergalle
 23688 | Orc:2    | Found Nenoc's Antique Weapon Shoppe.
 24283 | Orc:2    | Reached XP level 15. HP: 115/115 MP: 5/28
 24463 | Orc:2    | Found Devej's Book Emporium.
 24472 | Orc:2    | Bought Ozocubu's Autobiography for 360 gold pieces
 24480 | Orc:2    | Learned a level 7 spell: Ozocubu's Refrigeration
 24681 | Orc:2    | Bought a masterwork mace for 232 gold pieces
 24681 | Orc:2    | Identified the +3 mace of Mastery {speed, rC+} (You bought
                  | it in a shop on level 2 of the Orcish Mines)
 24737 | Orc:1    | Reached ****** piety under Qazlal
 25410 | D:11     | Identified the +8 flail of Descent {drain, rPois rC-
                  | Stlth+}
 25560 | D:11     | Reached skill level 15 in Ice Magic
 25597 | D:11     | Identified the +3 flail "Atoschac" {spect, Dex+7 Stlth-}
 25890 | D:12     | Noticed Josephine
 25898 | D:12     | Killed Josephine
 26389 | D:12     | Reached skill level 5 in Invocations
 26879 | D:13     | Noticed Azrael
 26887 | D:13     | Killed Azrael
 26888 | D:13     | Reached skill level 10 in Spellcasting
 27933 | D:14     | Reached XP level 16. HP: 120/124 MP: 25/30
 28589 | D:15     | Entered Level 15 of the Dungeon
 28607 | D:15     | Reached skill level 10 in Shields
 28751 | D:14     | Learned a level 4 spell: Summon Lightning Spire
 28871 | D:15     | Noticed Kirke
 28881 | D:15     | Killed Kirke
 29010 | D:15     | Reached skill level 1 in Air Magic
 29027 | D:15     | Reached skill level 16 in Ice Magic
 29197 | D:15     | Reached skill level 5 in Necromancy
 29223 | D:15     | Upgraded the game from 0.30-a0-390-g80c34de65d to
                  | 0.30-a0-393-g54b8e3be05
 29622 | D:15     | Found a staircase to the Depths.
 29762 | D:15     | Identified the +7 short sword of the Supporting Gods
                  | {flame, rCorr}
 30565 | D:4      | Killed FakeRyeBread's ghost
 30573 | D:4      | Learned a level 4 spell: Airstrike
 30856 | Spider:1 | Entered Level 1 of the Spider Nest
 30977 | Spider:1 | Reached skill level 1 in Maces & Flails
 31136 | Spider:1 | Identified the +4 kite shield "Miat" {Will+ Str+2 SInv}
 31413 | D:9      | Lost mutation: Your body sometimes deteriorates upon taking
                  | damage. [potion of mutation]
 31413 | D:9      | Gained mutation: Your magical capacity is low. (-10% MP)
                  | [potion of mutation]
 31413 | D:9      | Gained mutation: You occasionally shout uncontrollably at
                  | your foes. [potion of mutation]
 31572 | Spider:1 | Reached XP level 17. HP: 126/131 MP: 26/28
 32293 | Spider:2 | Reached skill level 5 in Summonings
 32582 | Spider:2 | Found a runed translucent gate.
 32582 | Spider:2 | Found a runed translucent gate.
 32607 | Spider:2 | Found a runed translucent gate.
 32608 | Spider:2 | Noticed Nagef's ghost (journeyman TrBe)
 32608 | Spider:2 | Noticed Jegretast's ghost (adept HOFi)
 32707 | Spider:2 | Reached skill level 17 in Ice Magic
 33853 | Spider:3 | Reached XP level 18. HP: 139/140 MP: 29/29
 34272 | Spider:4 | Entered Level 4 of the Spider Nest
 34325 | Spider:4 | Noticed Louise
 34339 | Spider:4 | Reached skill level 5 in Air Magic
 34340 | Spider:4 | Killed Louise
 35495 | D:2      | Bought a scroll of teleportation for 30 gold pieces
 35495 | D:2      | Bought a scroll of teleportation for 30 gold pieces
 35704 | Orc:2    | Bought a scroll of teleportation for 42 gold pieces
 35704 | Orc:2    | Bought a scroll of summoning for 133 gold pieces
 35704 | Orc:2    | Bought a scroll of teleportation for 42 gold pieces
 35704 | Orc:2    | Bought a scroll of teleportation for 42 gold pieces
 36111 | Spider:4 | Got a gossamer rune of Zot
 36450 | Elf:1    | Entered Level 1 of the Elven Halls
 37139 | Elf:1    | Reached skill level 5 in Maces & Flails
 37165 | Elf:1    | Reached XP level 19. HP: 147/147 MP: 31/31
 37301 | Elf:1    | Identified the +4 quarterstaff of Prescription {freeze,
                  | rC+}
 37318 | Elf:1    | Noticed Aizul
 37374 | Elf:1    | Killed Aizul
 37552 | Elf:2    | Found an ancient bone altar of Kikubaaqudgha.
 37940 | Elf:2    | Found a huge runed translucent gate.
 37940 | Elf:2    | Found a huge runed translucent gate.
 37940 | Elf:2    | Found a huge runed translucent gate.
 37940 | Elf:2    | Found a huge runed translucent gate.
 37940 | Elf:2    | Found a huge runed translucent gate.
 38069 | Elf:2    | Identified the +6 dagger of Zubeeps {flame, Dex+2}
 38213 | Elf:2    | Identified the +2 morningstar of Hejubeul {venom, rPois rN+
                  | Str+2}
 38411 | Elf:3    | Entered Level 3 of the Elven Halls
 38741 | Elf:3    | Found Wiyquug's Weapon Shoppe.
 38759 | Elf:3    | Reached skill level 18 in Ice Magic
 39607 | Elf:3    | Identified the ring "Eheicuko" {EV+4 Str+5 Dex+7 Slay+3}
 39921 | Elf:3    | Identified the +9 glaive of Fragile Peace {speed, +Blink
                  | rElec Int-3 Dex+4}
 40293 | Elf:3    | Reached XP level 20. HP: 155/155 MP: 9/32
 40999 | Elf:3    | Identified the +12 plate armour of the King of the Hill
                  | {rPois rN+ Regen+}
 41037 | Elf:3    | Noticed a Hell Sentinel
 41217 | Elf:3    | Identified the +6 long sword of Heytu {drain, Str+3 Dex-3}
 41249 | Elf:3    | Identified the ring "Cocoplia" {rElec Str+6 Slay+2 Stlth+}
 41254 | Elf:3    | Reached skill level 1 in Conjurations
 41260 | Elf:3    | Found the +8 Vampire's Tooth {vamp}
 42409 | Swamp:1  | Entered Level 1 of the Swamp
 43225 | Swamp:2  | Identified the +7 chain mail "Koshofum" {Int+7 Dex+3}
 43617 | Swamp:2  | Found a runed translucent gate.
 43620 | Swamp:2  | Found a runed translucent gate.
 43620 | Swamp:2  | Found a runed translucent gate.
 43621 | Swamp:2  | Noticed DrKenneth's ghost (journeyman MiFi)
 43864 | Swamp:3  | Identified the +0 pair of gloves of Sunlight {-Cast Str+5}
 43864 | Swamp:3  | Noticed Nikola
 43875 | Swamp:3  | Killed Nikola
 43981 | Swamp:3  | Noticed Jorgrun
 44182 | Swamp:3  | Killed Jorgrun
 44226 | Swamp:3  | Reached XP level 21. HP: 162/162 MP: 23/33
 44362 | Swamp:4  | Entered Level 4 of the Swamp
 44661 | Swamp:4  | Reached skill level 10 in Ranged Weapons
 44730 | Swamp:4  | Reached skill level 19 in Ice Magic
 45373 | Swamp:4  | Got a decaying rune of Zot
 45682 | D:13     | Found a gate to the Vaults.
 45698 | Vaults:1 | Entered Level 1 of the Vaults
 45900 | Vaults:1 | Found a huge runed gate.
 45900 | Vaults:1 | Found a huge runed gate.
 45901 | Vaults:1 | Found a huge runed gate.
 45905 | Vaults:1 | Identified the +0 ring mail "Targhojeu" {+Inv}
 46142 | Vaults:1 | Reached skill level 10 in Dodging
 46259 | Vaults:1 | Reached skill level 15 in Shields
 46300 | Vaults:1 | Reached skill level 1 in Earth Magic
 46567 | Vaults:1 | Got the Dissertation on Transformation and Toxins
 46583 | Vaults:1 | Found a huge runed gate.
 46583 | Vaults:1 | Found a huge runed gate.
 46583 | Vaults:1 | Found a huge runed gate.
 46583 | Vaults:1 | Found a huge runed gate.
 46583 | Vaults:1 | Found a huge runed gate.
 46583 | Vaults:1 | Found a huge runed gate.
 46583 | Vaults:1 | Found a huge runed gate.
 46598 | Vaults:1 | Found a huge runed gate.
 46598 | Vaults:1 | Found a huge runed gate.
 46598 | Vaults:1 | Found a huge runed gate.
 46604 | Vaults:1 | Found a huge runed gate.
 46604 | Vaults:1 | Found a huge runed gate.
 46604 | Vaults:1 | Found a huge runed gate.
 46604 | Vaults:1 | Found a huge runed gate.
 46604 | Vaults:1 | Found a huge runed gate.
 46604 | Vaults:1 | Found a huge runed gate.
 46605 | Vaults:1 | Found a huge runed gate.
 46647 | Vaults:1 | Found a huge runed gate.
 46647 | Vaults:1 | Found a huge runed gate.
 46647 | Vaults:1 | Found a huge runed gate.
 46647 | Vaults:1 | Found a huge runed gate.
 46647 | Vaults:1 | Found a huge runed gate.
 46647 | Vaults:1 | Found a huge runed gate.
 46648 | Vaults:1 | Found a huge runed gate.
 46649 | Vaults:1 | Found a huge runed gate.
 46650 | Vaults:1 | Found a huge runed gate.
 46663 | Vaults:1 | Found a huge runed gate.
 46663 | Vaults:1 | Found a huge runed gate.
 46663 | Vaults:1 | Found a huge runed gate.
 46663 | Vaults:1 | Found a huge runed gate.
 46663 | Vaults:1 | Found a huge runed gate.
 46663 | Vaults:1 | Found a huge runed gate.
 46676 | Vaults:1 | Found a huge runed gate.
 47332 | Vaults:2 | Reached XP level 22. HP: 167/171 MP: 8/35
 47334 | Vaults:2 | Reached skill level 10 in Invocations
 48421 | Vaults:3 | Found a runed translucent door.
 48421 | Vaults:3 | Found a shimmering altar of Xom.
 48422 | Vaults:3 | Noticed Getoffmy's ghost (veteran GrFi)
 48548 | Vaults:3 | Found a staircase to the Crypt.
 48548 | Vaults:3 | Found an ancient bone altar of Kikubaaqudgha.
 48548 | Vaults:3 | Found a basalt altar of Yredelemnul.
 49443 | Vaults:3 | Learned a level 3 spell: Stone Arrow
 49527 | Vaults:3 | Reached skill level 20 in Ice Magic
 49786 | Vaults:3 | Identified the +7 rapier "Lilaties" {flame, rElec rF- rN+
                  | MP+9}
 50134 | Vaults:4 | Noticed Frederick
 50357 | Vaults:4 | Reached XP level 23. HP: 179/179 MP: 15/36
 50733 | Vaults:4 | Found a runed translucent door.
 50733 | Vaults:4 | Noticed Vairuzis's ghost (adept AtWr)
 51093 | Vaults:4 | Killed Frederick
 51577 | Crypt:1  | Entered Level 1 of the Crypt
 51829 | Depths:1 | Entered Level 1 of the Depths
 51944 | Depths:1 | Noticed Mara
 51953 | Depths:1 | Killed Mara
 52057 | Depths:1 | Reached skill level 10 in Maces & Flails
 52067 | Depths:1 | Noticed Asterion
 52084 | Depths:1 | Killed Asterion
 52099 | Depths:1 | Reached skill level 10 in Armour
 52250 | Depths:1 | Identified the +7 dagger "Reetzos" {holy, rElec rC+ Int+4}
 52349 | Depths:1 | Found a one-way gateway to a ziggurat.
 52397 | Depths:1 | Reached skill level 21 in Ice Magic
 52398 | Depths:1 | Found a one-way gate leading to the halls of Pandemonium.
 52523 | Depths:1 | Found a glowing golden altar of the Shining One.
 52693 | Depths:1 | Paralysed by a floating eye for 4 turns
 52812 | Depths:1 | Learned a level 3 spell: Swiftness
 52954 | Depths:1 | Found a gateway to Hell.
 53103 | Depths:2 | Reached skill level 15 in Fighting
 53225 | Depths:2 | Reached XP level 24. HP: 188/188 MP: 9/37
 53310 | Depths:2 | Noticed a juggernaut
 53330 | Depths:2 | Killed a juggernaut
 53447 | Depths:2 | Found a shimmering blue altar of Sif Muna.
 53447 | Depths:2 | Found a bloodstained altar of Trog.
 53472 | Depths:2 | Found a shimmering altar of Xom.
 54264 | Depths:2 | Noticed a caustic shrike
 54289 | Depths:2 | Killed a caustic shrike
 54492 | Depths:2 | Noticed a golden dragon
 54513 | Depths:2 | Killed a golden dragon
 54648 | Depths:2 | Noticed a golden dragon
 54684 | Depths:2 | Killed a golden dragon
 54693 | Depths:2 | Noticed a caustic shrike
 54706 | Depths:2 | Killed a caustic shrike
 54723 | Depths:2 | Identified the +3 executioner's axe "Reroorr" {elec, rF+
                  | Will- Dex+4}
 54723 | Depths:2 | Identified the amulet "Kazuf" {Acrobat *Corrode Fly rN++
                  | Regen+}
 54923 | Depths:2 | Identified the ring "Omosiod" {rC+ Slay+3}
 54926 | Depths:2 | Identified the +6 war axe of the Foremost Olives {elec,
                  | rPois rF+++ Str-5}
 55235 | Depths:3 | Noticed Sojobo
 55674 | Depths:3 | Reached XP level 25. HP: 178/196 MP: 32/37
 55792 | Depths:3 | Noticed a juggernaut
 55820 | Depths:3 | Killed a juggernaut
 55856 | Depths:3 | Found Xerr's Antique Weapon Shoppe.
 56009 | Depths:3 | Killed Sojobo
 56070 | Depths:3 | Reached skill level 15 in Spellcasting
 56102 | Depths:3 | Learned a level 4 spell: Dispel Undead
 56203 | Depths:3 | Found a one-way gate to the infinite horrors of the Abyss.
 56247 | Depths:3 | Noticed a caustic shrike
 56262 | Depths:3 | Killed a caustic shrike
 56329 | Depths:3 | Found a white marble altar of Elyvilon.
 57042 | Depths:4 | Entered Level 4 of the Depths
 57332 | Depths:4 | Gained mutation: Your magical capacity is very low. (-20%
                  | MP) [a cacodemon]
 57390 | Depths:4 | Gained mutation: You are clumsy. (Dex -2) [a cacodemon]
 57396 | Depths:4 | Reached skill level 22 in Ice Magic
 57433 | Depths:4 | Noticed Boris
 57454 | Depths:4 | Gained mutation: You are weak. (Str -2) [a cacodemon]
 57477 | Depths:4 | Killed Boris
 58124 | Spider:4 | Lost mutation: You are clumsy. (Dex -2) [potion of
                  | mutation]
 58124 | Spider:4 | Lost mutation: You occasionally shout uncontrollably at
                  | your foes. [potion of mutation]
 58124 | Spider:4 | Gained mutation: You are dopey. (Int -2) [potion of
                  | mutation]
 58124 | Spider:4 | Gained mutation: You have sharp toenails. [potion of
                  | mutation]
 58124 | Spider:4 | Gained mutation: You have razor-sharp toenails. [potion of
                  | mutation]
 58125 | Spider:4 | Lost mutation: You have razor-sharp toenails. [potion of
                  | mutation]
 58125 | Spider:4 | Lost mutation: Your magical capacity is very low. (-20% MP)
                  | [potion of mutation]
 58125 | Spider:4 | Lost mutation: You are weak. (Str -2) [potion of mutation]
 58125 | Spider:4 | Gained mutation: Your magical capacity is very low. (-20%
                  | MP) [potion of mutation]
 58572 | Depths:4 | Reached skill level 10 in Air Magic
 59413 | Depths:4 | Found a gate to the Realm of Zot.
 59436 | Depths:4 | Reached XP level 26. HP: 206/206 MP: 34/34
 60352 | Crypt:1  | Noticed Margery
 60365 | Crypt:1  | Killed Margery
 61174 | Crypt:2  | Noticed Khufu
 61233 | Crypt:2  | Killed Khufu
 61737 | Crypt:3  | Entered Level 3 of the Crypt
 62417 | Crypt:3  | Identified the ring "Bucinynn" {rN+ Stlth+}
 62417 | Crypt:3  | Identified the ring "Nuliumu" {rF++ rN+ Int+6}
 62417 | Crypt:3  | Identified the ring of Dim Light {Fly rN+}
 62716 | Crypt:3  | Reached skill level 15 in Ranged Weapons
 62924 | Crypt:3  | Found a staircase to the Tomb.
 63601 | Crypt:3  | Found a basalt altar of Yredelemnul.
 63951 | Crypt:3  | Identified the +0 pair of boots of Weot {-Tele rF++ Int-5
                  | Slay+2}
 64568 | Slime:1  | Entered Level 1 of the Pits of Slime
 64916 | Vaults:5 | Entered Level 5 of the Vaults
 64921 | Vaults:5 | Reached XP level 27. HP: 139/215 MP: 16/34
 65154 | Vaults:4 | Reached skill level 23 in Ice Magic
 65292 | Vaults:5 | Reached skill level 10 in Necromancy
 65302 | Vaults:5 | Noticed an ancient lich
 65402 | Vaults:4 | Killed an ancient lich
 65914 | Vaults:5 | Identified the +5 war axe "Isipp" {spect, rN++ rCorr Str-5
                  | Dex+4}
 65930 | Vaults:5 | Found Goerue's Magic Scroll Shoppe.
 65938 | Vaults:5 | Bought a scroll of teleportation for 48 gold pieces
 65938 | Vaults:5 | Bought a scroll of summoning for 152 gold pieces
 65945 | Vaults:5 | Got a silver rune of Zot
 66154 | Vaults:5 | Got the Catalogue of Earth and Ensorcelling
 66233 | Vaults:5 | Identified the +1 buckler of Hedging {*Corrode Fly Dex+3}
 66248 | Vaults:5 | Identified the ring "Leetoscho" {Fly MP+9 Str+2 Int+6
                  | Dex+5}
 66465 | Vaults:5 | Got the Treatise on the Arsonist and Attendants
 66501 | Vaults:5 | Identified the +9 halberd "Wukoptop" {venom, +Blink rCorr
                  | Str+4}
 66509 | Vaults:5 | Got the Grimoire of Floating Translocation
 67203 | Zot:1    | Entered Level 1 of the Realm of Zot
 67310 | Zot:1    | Found a shimmering altar of Xom.
 67635 | Zot:1    | Found a transporter.
 67659 | Zot:1    | Noticed an orb of fire
 67790 | Zot:1    | Noticed a Killer Klown
 68153 | Zot:1    | Found a transporter.
 68365 | Zot:2    | Learned a level 6 spell: Simulacrum
 69402 | Zot:3    | You are sucked into a shaft and drop 1 floor!
 69825 | Zot:3    | Identified the +7 trident of the Mauling Mosquito {flame,
                  | rF+}
 71018 | Zot:5    | Entered Level 5 of the Realm of Zot
 71130 | Zot:5    | Reached skill level 24 in Ice Magic
 71271 | Zot:5    | Noticed an orb of fire
 71277 | Zot:5    | Gained mutation: Your body sometimes deteriorates upon
                  | taking damage. [an orb of fire]
 71280 | Zot:5    | Killed an orb of fire
 71298 | Zot:5    | Noticed an ancient lich
 71306 | Zot:5    | Noticed a Killer Klown
 71307 | Zot:5    | Noticed an orb of fire
 71319 | Zot:4    | Killed an ancient lich
 71336 | Zot:4    | Lost mutation: You are dopey. (Int -2) [potion of mutation]
 71336 | Zot:4    | Lost mutation: You have sharp toenails. [potion of
                  | mutation]
 71336 | Zot:4    | Lost mutation: Your magical capacity is very low. (-20% MP)
                  | [potion of mutation]
 71336 | Zot:4    | Gained mutation: You are occasionally teleported next to
                  | monsters. [potion of mutation]
 71336 | Zot:4    | Gained mutation: You are robust. (+10% HP) [potion of
                  | mutation]
 72069 | Orc:2    | Bought 2 potions of mutation for 240 gold pieces
 72500 | Vaults:2 | Lost mutation: Your magical capacity is low. (-10% MP)
                  | [potion of mutation]
 72500 | Vaults:2 | Lost mutation: Your body sometimes deteriorates upon taking
                  | damage. [potion of mutation]
 72500 | Vaults:2 | Lost mutation: You are robust. (+10% HP) [potion of
                  | mutation]
 72500 | Vaults:2 | Gained mutation: Your body sometimes deteriorates upon
                  | taking damage. [potion of mutation]
 72500 | Vaults:2 | Gained mutation: You sometimes lose your temper in combat.
                  | [potion of mutation]
 72501 | Vaults:2 | Lost mutation: Your body sometimes deteriorates upon taking
                  | damage. [potion of mutation]
 72501 | Vaults:2 | Lost mutation: You sometimes lose your temper in combat.
                  | [potion of mutation]
 72501 | Vaults:2 | Gained mutation: You have hidden genetic potential. [potion
                  | of mutation]
 72501 | Vaults:2 | Lost mutation: You are occasionally teleported next to
                  | monsters. [potion of mutation]
 72501 | Vaults:2 | Gained mutation: You are robust. (+10% HP) [potion of
                  | mutation]
 72973 | Zot:5    | Gained mutation: You occasionally shout uncontrollably at
                  | your foes. [an orb of fire]
 72993 | Zot:5    | Noticed an orb of fire
 73002 | Zot:5    | Noticed an orb of fire
 73005 | Zot:5    | Gained mutation: You are weak. (Str -2) [an orb of fire]
 73006 | Zot:5    | Killed an orb of fire
 73032 | Zot:4    | Gained mutation: You are occasionally teleported next to
                  | monsters. [an orb of fire]
 73044 | Zot:4    | Killed an orb of fire
 73076 | Zot:4    | Lost mutation: You occasionally shout uncontrollably at
                  | your foes. [potion of mutation]
 73076 | Zot:4    | Lost mutation: You are robust. (+10% HP) [potion of
                  | mutation]
 73076 | Zot:4    | Lost mutation: You are occasionally teleported next to
                  | monsters. [potion of mutation]
 73076 | Zot:4    | Gained mutation: Your body sometimes deteriorates upon
                  | taking damage. [potion of mutation]
 73076 | Zot:4    | Gained mutation: You have a pair of small horns on your
                  | head. [potion of mutation]
 73076 | Zot:4    | Gained mutation: You are frail. (-10% HP) [potion of
                  | mutation]
 73077 | Zot:4    | Lost mutation: Your body sometimes deteriorates upon taking
                  | damage. [potion of mutation]
 73077 | Zot:4    | Lost mutation: You are weak. (Str -2) [potion of mutation]
 73077 | Zot:4    | Gained mutation: You are clumsy. (Dex -2) [potion of
                  | mutation]
 73077 | Zot:4    | Gained mutation: You are partially covered in iridescent
                  | scales. (AC +2) [potion of mutation]
 73077 | Zot:4    | Gained mutation: You have sharp toenails. [potion of
                  | mutation]
 73134 | Zot:5    | Noticed an orb of fire
 73184 | Zot:5    | Gained mutation: You are occasionally teleported next to
                  | monsters. [an orb of fire]
 73187 | Zot:5    | Gained mutation: You are very frail. (-20% HP) [an orb of
                  | fire]
 73192 | Zot:5    | Gained mutation: You are weak. (Str -2) [an orb of fire]
 73205 | Zot:5    | Noticed a Killer Klown
 73215 | Zot:4    | Gained mutation: You are dopey. (Int -2) [an orb of fire]
 73221 | Zot:4    | Gained mutation: You sometimes lose your temper in combat.
                  | [an orb of fire]
 73223 | Zot:4    | Gained mutation: You are often teleported next to monsters.
                  | [an orb of fire]
 73229 | Zot:4    | Gained mutation: You occasionally lose the ability to read
                  | scrolls when taking damage. [an orb of fire]
 73231 | Zot:4    | Killed an orb of fire
 73232 | Zot:4    | Gained mutation: You occasionally lose the ability to drink
                  | potions when taking damage. [an orb of fire]
 73240 | Zot:4    | Gained mutation: You are extremely frail. (-30% HP) [an orb
                  | of fire]
 73241 | Zot:4    | Killed an orb of fire
 73243 | Zot:4    | Lost mutation: You are weak. (Str -2) [potion of mutation]
 73243 | Zot:4    | Lost mutation: You have hidden genetic potential. [potion
                  | of mutation]
 73243 | Zot:4    | Lost mutation: You occasionally lose the ability to read
                  | scrolls when taking damage. [potion of mutation]
 73243 | Zot:4    | Lost mutation: You are clumsy. (Dex -2) [potion of
                  | mutation]
 73270 | Zot:5    | Killed a Killer Klown
 73271 | Zot:5    | Killed a Killer Klown
 73314 | Zot:5    | Mangled by an Orb Guardian

Illustrated notes

Levels and vault maps discovered:
D:1:      dpeg_arrival_three_same_balls, layout_rooms,
          shapermc_ecumenical_altar_mp_vishouse, item_on_display_a
D:2:      layout_loops_corners, serial_shops, nicolae_shop_stone,
          lightli_corner_chamber, uniq_sigmund, uniq_natasha
D:3:      cheibrodos_pilgrimage, layout_basic
D:4:      layout_basic, ebering_ghost_rock_garden, uniq_menkaure
D:5:      layout_basic, nicolae_hepliaklqana_hazy_memory,
          nicolae_wooded_promenade, minmay_fountain_box, uniq_duvessa
D:6:      layout_loops_cross, minmay_temple_entry_sparse_star, serial_demonic,
          serial_demonic_c, serial_demonic_g, serial_demonic_e,
          serial_demonic_d, serial_shops, kennysheep_little_box
D:7:      layout_layer_cave, hex_medium, uniq_pikel
D:8:      layout_rooms
D:9:      minmay_general_purpose_star, layout_gridville, marbit_many_paths,
          chequers_serial_rivers_micro_d, minmay_circle_x
D:10:     layout_stronghold, lair_entry_dummy
D:11:     minmay_the_grid_triangle_9x9_line_8_mashed
          [minmay_the_grid_triangle_9x9_descending_squares,
          minmay_the_grid_triangle_9x9_stretched_checkered,
          minmay_the_grid_triangle_9x9_zippers_vertical,
          minmay_the_grid_triangle_9x9_zippers_horizontal,
          minmay_the_grid_triangle_9x9_warning,
          minmay_the_grid_triangle_9x9_limited_checkers,
          minmay_the_grid_triangle_9x9_wacky_v,
          minmay_the_grid_triangle_9x9_prize_center], layout_small_grid,
          muffindrake_ghost_dual_entry
D:12:     layout_basic, grunt_ogre_cave, minmay_diced_spiral, uniq_josephine
D:13:     layout_basic, grunt_vaults_entry_tiered, dk_noncrumbling_3,
          uniq_azrael
D:14:     layout_loops_corners
D:15:     grunt_enter_depths_giant_problem, layout_stronghold,
          hangedman_decor_growths, uniq_kirke
Temple:   nicolae_temple_bog_church
Lair:1:   layout_small_grid, grunt_forest_stairs_basic
Lair:2:   layout_loops_ring, minmay_swamp_entry_wisps, uniq_sonja
Lair:3:   layout_regular_city, spider_nest_entry_web_field, uniq_gastronok
Lair:4:   onia_ninara_swampy_vault, layout_loops_ring, dpeg_slime_entry_corner,
          gammafunk_ghost_grave
Lair:5:   evilmike_catoblepas_cave, layout_gridlike, columned_hall_lemuel,
          grunt_megastairs_2, infiniplex_staircase_pool
Swamp:1:  layout_basic_swamp, hangedman_swamp_ruin_wall
Swamp:2:  cheibrodos_swamp_tower_of_moss, layout_falls_marsh,
          ebering_ghost_rock_garden, evilmike_swamp_ruin_rubble_2
Swamp:3:  layout_falls_marsh, evilmike_swamp_ruin_rubble_1,
          infiniplex_staircase_pool_2, uniq_jorgrun, uniq_nikola
Swamp:4:  swamp_basic_johnstein, layout_basic_swamp
Spider:1: lemuel_spider_zombies, drop_trap, nicolae_spider_paper_wasps
Spider:2: layout_spider_delve, gammafunk_ghost_cemetery, hellmonk_narrow_tunnel
Spider:3: layout_spider_delve
Spider:4: spider_rune_water, hangedman_spider_tarantella_strand, uniq_louise
Slime:1:  layout_caves
Orc:1:    layout_caves, serial_shops, nicolae_shop_waterfront
Orc:2:    kennysheep_orc_mage_school, layout_caves, biasface_ghost_orc_armoury,
          basic_altar
Elf:1:    eino_elf_arrival_the_gate, layout_geoelf_octagon,
          hangedman_elf_represent, grunt_megastairs_3, uniq_aizul
Elf:2:    elven_hall_of_blades_hangedman_alternative [nicolae_blade_bullseye],
          layout_geoelf_grid, basic_altar
Elf:3:    minmay_elf_hall_spiked, layout_loops_corners, serial_shops,
          shop_statue, serial_co_window_serial, co_window_corner_a,
          co_window_of_opportunity_a, co_window_corner_a,
          co_window_of_opportunity_a, co_window_corner_a, co_window_cross_1,
          co_window_cross_1, co_window_corner_ca, co_window_of_opportunity_c,
          co_window_broadway_c, glass_columns_c, glass_columns_c,
          glass_columns_c, glass_columns_a
Vaults:1: door_vault, vaults_dpeg_cross, ontoclasm_vaults_pinch,
          hangedman_vaults_snaps, v_misc_2, ontoclasm_vaults_loading_screen,
          vaults_room_pools, nicolae_vaults_shelves_hall, vaults_mumra_lcd,
          nicolae_vaults_mini_display_case, layout_vaults_chaotic_city
Vaults:2: vaults_room_fancy_cross, ontoclasm_vaults_ligature,
          ontoclasm_vaults_gateway, vaults_room_semicircle,
          layout_vaults_omnigrid
Vaults:3: ebering_ghost_xom, nicolae_vaults_disjoint_gnomons,
          nicolae_vaults_know_your_exits, v_misc_25, hangedman_vaults_nails,
          nicolae_vaults_network_star, vaults_dpeg_ring, ontoclasm_vaults_spin,
          minmay_crypt_entry_necro_gods, vaults_dpeg_diagonal,
          nicolae_vaults_theta, nicolae_vaults_specimen_jars, v_alt_pattern_5,
          nicolae_vaults_big_ls, nicolae_vaults_little_squares_1,
          layout_vaults_big_cross
Vaults:4: ebering_ghost_inner_flame, hangedman_vaults_capsules,
          nicolae_vaults_ring_of_whatevers, serial_ice_m,
          hangedman_vaults_restitches, v_misc_4, vaults_room_pools,
          nicolae_vaults_network_square, grunt_vaults_bifocal, v_misc_9,
          vaults_room_pool, v_misc_8, st_lines, v_rooms_1, layout_vaults_maze,
          uniq_frederick
Vaults:5
Crypt:1:  layout_gridlike, grunt_megastairs_5, uniq_margery
Crypt:2:  layout_gridlike, nicolae_elevator_lobby_plus, uniq_khufu
Crypt:3:  evilmike_haunted_forest
Depths:1: layout_forbidden_donut, enter_ziggurat_c, grunt_hell_entry_dis_mu,
          pan_entry, minivault_14, tso_altar, grunt_megastairs_4,
          infiniplex_staircase_pool_lava, uniq_asterion, uniq_mara
Depths:2: hangedman_slaughterboxes, pan_entry, hell_entry
Depths:3: minmay_crescents, layout_long_grid, hell_entry,
          nicolae_elyvilon_temple_path, serial_shops, nicolae_shop_trees,
          abyss_entry, uniq_sojobo
Depths:4: evilmike_zot_entry_round, layout_basic, minivault_11,
          grunt_hell_entry_demonic_statue, pan_entry, minmay_misc_feat_pillars,
          moated_statue, serial_bayou_shore_b, uniq_boris
Zot:1:    gammafunk_the_bubble [the_bubble_gammafunk_split],
          layout_cellular_growth, basic_altar
Zot:2:    layout_misc_corridors
Zot:3:    layout_basic
Zot:4:    layout_gridlike
Zot:5:    layout_basic

Skill      XL: |  1  2  3  4  5  6  7  8  9 10 11 12 13 14 15 16 17 18 19 20 21 22 23 24 25 26 27 |
---------------+----------------------------------------------------------------------------------+-----
Armour         | 1 2 3 4 5 6 7 8 9 10 | 10.0
Fighting       | 1 2 3 4 5 6 8 9 10 11 12 13 14 15 16 17 19 | 19.5
Throwing       | 1 |  1.0
Short Blades   | 1 2 |  2.0
Ice Magic      | 5 6 7 8 9 10 12 13 14 15 16 17 18 19 20 21 22 24 | 24.2
Dodging        | 3 4 5 6 7 8 9 10 12 | 12.4
Spellcasting   | 3 4 5 6 7 8 9 10 11 12 13 14 15 16 18 | 18.2
Ranged Weapons | 1 3 4 6 7 8 9 10 11 12 13 14 15 17 | 17.7
Invocations    | 2 3 5 6 7 8 9 10 | 10.0
Evocations     | 2 3 |  3.0
Shields        | 1 3 5 7 8 9 11 12 13 14 15 | 15.0
Hexes          | 2 3 5 |  5.0
Summonings     | 3 4 5 6 7 8 |  8.0
Necromancy     | 2 4 5 7 9 10 | 10.0
Air Magic      | 3 4 5 6 7 8 10 | 10.0
Maces & Flails | 1 3 5 6 7 8 9 10 11 12 | 12.0
Conjurations   | 3 |  3.0
Earth Magic    | 2 3 |  3.0
Stealth        | |  2.0

Action                   |  1- 3 |  4- 6 |  7- 9 | 10-12 | 13-15 | 16-18 | 19-21 | 22-24 | 25-27 || total
-------------------------+-------+-------+-------+-------+-------+-------+-------+-------+-------++-------
Melee: Dagger            |    19 |     2 |       |       |       |       |       |       |       ||    21
       Short sword       |       |    93 |    50 |       |       |       |       |       |       ||   143
       Punch             |       |     1 |     1 |       |       |       |       |       |       ||     2
       Flail             |       |       |       |       |       |   267 |    53 |       |       ||   320
       Morningstar       |       |       |       |       |       |       |   231 |  1019 |  1568 ||  2818
       Headbutt          |       |       |       |       |       |       |       |       |    15 ||    15
 Fire: Shortbow          |       |       |    90 |   285 |   673 |   406 |       |       |       ||  1454
       Sling             |       |       |       |       |       |   306 |    51 |    29 |    21 ||   407
Throw: Dart              |       |    15 |    14 |       |     4 |     2 |       |       |       ||    35
       Boomerang         |       |       |     5 |       |       |       |       |       |       ||     5
 Cast: Freeze            |    48 |    27 |    45 |   126 |   205 |    63 |    86 |   139 |    32 ||   771
       Frozen Ramparts   |       |     8 |    29 |    63 |    95 |   126 |    46 |   126 |   106 ||   599
       Ozocubu's Armour  |       |       |    17 |    41 |    59 |    80 |    38 |    99 |   103 ||   437
       Summon Ice Beast  |       |       |       |     2 |     8 |    31 |     7 |     1 |     7 ||    56
       Hailstorm         |       |       |       |       |    32 |    31 |       |     4 |     2 ||    69
       Metabolic Englaci |       |       |       |       |    10 |     7 |     8 |     2 |     9 ||    36
       Summon Lightning  |       |       |       |       |       |    12 |    19 |    34 |    63 ||   128
       Ozocubu's Refrige |       |       |       |       |       |    31 |   334 |   149 |   219 ||   733
       Airstrike         |       |       |       |       |       |    11 |   153 |    40 |    62 ||   266
       Stone Arrow       |       |       |       |       |       |       |       |    22 |    67 ||    89
       Dispel Undead     |       |       |       |       |       |       |       |       |   291 ||   291
       Simulacrum        |       |       |       |       |       |       |       |       |    11 ||    11
Invok: Upheaval          |       |       |       |       |       |       |     1 |       |     1 ||     2
       Elemental Force   |       |       |       |       |       |       |       |       |     2 ||     2
       Disaster Area     |       |       |       |       |       |       |       |       |     2 ||     2
Evoke: Wand              |       |       |     2 |       |    14 |    13 |    10 |     4 |     2 ||    45
       Tin of tremorston |       |       |       |       |       |     2 |       |     2 |     6 ||    10
       Phantom mirror    |       |       |       |       |       |     2 |       |     1 |     2 ||     5
       Lightning rod     |       |       |       |       |       |       |       |     5 |     7 ||    12
       Condenser vane    |       |       |       |       |       |       |       |       |     1 ||     1
  Use: Scroll            |     2 |    10 |     4 |    14 |     8 |    13 |     7 |     9 |    20 ||    87
       Potion            |       |     1 |       |     5 |     4 |     7 |     5 |     4 |    24 ||    50
 Stab: Sleeping          |     1 |     4 |     3 |       |       |       |       |       |       ||     8
       Distracted        |       |       |       |       |       |     2 |     3 |     9 |    16 ||    30
       Paralysed         |       |       |       |       |       |       |       |     4 |       ||     4
Armor: Robe              |    12 |    23 |    55 |       |   136 |   618 |   123 |   321 |   586 ||  1874
       Skin              |       |     6 |       |       |       |       |       |       |       ||     6
       Leather armour    |       |       |     9 |   160 |   135 |       |       |       |       ||   304
Dodge: Dodged            |    35 |    68 |    82 |   159 |   330 |   727 |   280 |   692 |  1436 ||  3809
       Repelled          |       |       |       |       |     9 |    10 |    15 |    41 |    66 ||   141
Block: Other             |       |       |    22 |   122 |   337 |   122 |       |       |       ||   603
       Reflection        |       |       |     3 |    11 |    17 |       |       |       |       ||    31
       Kite shield       |       |       |       |       |       |  1261 |   730 |  1633 |  2880 ||  6504

Table legend: (Time is in decaauts)
 A = Elapsed time spent in this place.
 B = Non-inter-level travel time spent in this place.
 C = Inter-level travel time spent in this place.
 D = Time resting spent in this place.
 E = Time spent auto-exploring this place.
 F = Levels seen in this place.
 G = Mean time per level.
                   A        B        C        D        E       F      G
               +--------+--------+--------+--------+--------+-----+--------+
         Total |  74198 |  63869 |  10329 |   9176 |  34773 |  52 | 1426.9 |
       Dungeon |  22011 |  18681 |   3330 |   2748 |  11988 |  15 | 1467.4 |
        Temple |    253 |    251 |      2 |      0 |    222 |   1 |  253.0 |
          Lair |   8524 |   7085 |   1439 |   1555 |   4335 |   5 | 1704.8 |
         Swamp |   3192 |   2945 |    247 |    385 |   1775 |   4 |  798.0 |
   Spider Nest |   5131 |   4264 |    867 |    320 |   1928 |   4 | 1282.8 |
    Slime Pits |      3 |      3 |      0 |      0 |      0 |   1 |    3.0 |
  Orcish Mines |   3461 |   3051 |    410 |   1060 |   1076 |   2 | 1730.5 |
   Elven Halls |   5832 |   5463 |    369 |    788 |   2928 |   3 | 1944.0 |
        Vaults |   9090 |   7472 |   1618 |    601 |   4634 |   5 | 1818.0 |
         Crypt |   4129 |   3694 |    435 |    546 |   1395 |   3 | 1376.3 |
        Depths |   7852 |   6567 |   1285 |    647 |   2891 |   4 | 1963.0 |
           Zot |   4714 |   4391 |    323 |    525 |   1600 |   5 |  942.8 |
               +--------+--------+--------+--------+--------+-----+--------+

Top non-repeatable levels by time:
Depths:2: 2944 daAuts
   Elf:3: 2713 daAuts
    D:10: 2560 daAuts
Vaults:3: 2547 daAuts
 Crypt:3: 2443 daAuts
   Orc:2: 2391 daAuts
Vaults:4: 2311 daAuts
    D:11: 2041 daAuts
Depths:4: 1977 daAuts
   Elf:2: 1942 daAuts
  Lair:1: 1933 daAuts
  Lair:5: 1879 daAuts
  Lair:3: 1874 daAuts
     D:4: 1767 daAuts
Vaults:1: 1764 daAuts
